 Dungeon Crawl Stone Soup version 0.19.5 (webtiles) character file.

320 JeffiDaFish the Grave Robber (level 6, -2/43 HPs)
             Began as a Mummy Necromancer on Mar 7, 2017.
             Slain by Grinder (10 damage)
             ... on level 4 of the Dungeon.
             The game lasted 00:20:43 (4418 turns).

JeffiDaFish the Grave Robber (Mummy Necromancer)    Turns: 4418, Time: 00:20:43

Health: -2/43      AC:  4    Str: 11    XL:     6   Next: 22%
Magic:  12/12      EV: 12    Int: 14    God:
Gold:   269        SH:  0    Dex: 15    Spells: 3 memorised, 5 levels left

rFire  . . .     SeeInvis .     l - staff of death
rCold  + . .     Gourm    .     c - +0 leather armour
rNeg   + + +     Faith    .     (no shield)
rPois  ∞         Spirit   .     (no helmet)
rElec  .         Reflect  .     (no cloak)
rCorr  .         Harm     .     d - +0 pair of gloves
MR     .....                    (no boots)
Stlth  ++........               (no amulet)
                                (no ring)
                                e - ring of protection from fire

@: no status effects
A: no food or potions, fire vulnerability, cold resistance 1, negative energy
resistance 3, torment resistance, unbreathing
a: no special abilities


You were on level 4 of the Dungeon.
You were not hungry.

You visited 1 branch of the dungeon, and saw 4 of its levels.

You collected 269 gold pieces.

Inventory:

Armour
 c - a +0 leather armour (worn)
 d - a +0 pair of gloves (worn)
Magical Staves
 l - an uncursed staff of death (weapon)
Jewellery
 e - a ring of protection from fire (left hand)
Wands
 h - a wand of lightning (10/15)
Scrolls
 f - 2 scrolls of remove curse
 g - a scroll of amnesia
 i - a scroll of teleportation
 j - a scroll of fear
Books
 b - a book of Necromancy

   Spells                             Type                      Level
   a - Pain                           Necromancy                   1
   b - Animate Skeleton               Necromancy                   1
   c - Vampiric Draining              Necromancy                   3
   d - Regeneration                   Charms/Necromancy            3
   e - Animate Dead                   Necromancy                   4
   f - Control Undead                 Necromancy                   4


   Skills:
 + Level 1.6 Fighting
   Level 0.5 Maces & Flails
 + Level 0.0(0.2) Staves
 - Level 1.0 Armour
 + Level 1.9 Dodging
 - Level 1.8 Stealth
 * Level 4.0 Spellcasting
 * Level 5.4 Necromancy
 + Level 0.0 Evocations


You had 5 spell levels left.
You knew the following spells:

 Your Spells              Type           Power        Failure   Level  Hunger
a - Pain                  Necr           ####         3%          1    N/A
c - Vampiric Draining     Necr           ####......   12%         3    N/A
d - Animate Dead          Necr           N/A          34%         4    N/A

Dungeon Overview and Level Annotations

Branches:
Dungeon (4/15)
 Temple: D:4-7

Altars:

Shops:
D:4 %

Annotations:
D:4 Grinder


Innate Abilities, Weirdness & Mutations

You do not eat or drink.
Your flesh is vulnerable to fire.
You are immune to poison.
Your flesh is cold resistant. (rC+)
You are immune to negative energy. (rN+++)
You are immune to unholy pain and torment.
You can survive without breathing.


Message History

Grinder is moderately wounded.
Grinder barely misses you.
You hit Grinder.
Grinder is moderately wounded.
Grinder hits you.
Your orc zombie hits Grinder with a hand axe.
You hit Grinder but do no damage.
Grinder is moderately wounded.
Grinder hits you!
Your orc zombie hits Grinder with a hand axe.
Grinder hits your orc zombie.
You barely miss Grinder.
Grinder is heavily wounded.
Grinder hits you!
* * * LOW HITPOINT WARNING * * *
Your orc zombie completely misses Grinder.
You barely miss Grinder.
Grinder is heavily wounded.
Grinder hits you!
You die...

######.#.Z.Z.....#.#...#..#Z#...#
.......#Z###.......#.#.#..#.#...#
...........#...........#..#.#...#
########.#.#..####.#.#.#..#.#####
# #.#Z#..###..#.#.#..#.# #
#.#.#....#....###..#.# #
#.#.##.######## #..#.# #
#.#.########### #..#.# *** # ###
#.#....Z5@....# #..#.# *,, ####.#
#.###########.# #..#.# *,* .....#
*,* *,###..#.# *,* ####.#
*,***********,#....#.# *,* #.#
*,,,,,,,,,,,,,#.#.##.# *,* #.#
************###.#Z##.# *,* #.#
#...#.##.# *,* #.# #........# *,*
#.# #####.#### *,*


You could see Grinder and a friendly orc zombie.

Vanquished Creatures
  A bullfrog (D:3)
  A scorpion (D:4)
  Natasha (twice) (D:3)
  A worker ant (D:4)
  A howler monkey skeleton (D:4)
  4 adders
  An ooze (D:2)
  A worm (D:3)
  4 leopard geckos
  An orc (D:4)
  6 giant cockroaches
  10 goblins
  5 hobgoblins
  8 jackals
  12 kobolds
  2 quokkas (D:3)
  5 bats
  3 frilled lizards
  10 rats
78 creatures vanquished.

Vanquished Creatures (collateral kills)
  An orc (D:3)
  A bat (D:1)
  3 goblins
  2 hobgoblins
  3 kobolds (D:3)
  2 rats
12 creatures vanquished.

Grand Total: 90 creatures vanquished

Notes
Turn   | Place    | Note
-------+----------+-------------------------------------------
     0 | D:1      | JeffiDaFish the Mummy Necromancer began the quest for the Orb.
     0 | D:1      | Reached XP level 1. HP: 13/13 MP: 3/3
    18 | D:1      | Learned a level 1 spell: Animate Skeleton
   394 | D:1      | Reached XP level 2. HP: 19/19 MP: 1/5
  1170 | D:2      | Reached XP level 3. HP: 24/24 MP: 2/6
  1626 | D:2      | Learned a level 3 spell: Vampiric Draining
  1978 | D:2      | Reached XP level 4. HP: 30/30 MP: 4/8
  2363 | D:3      | Noticed a bullfrog
  2369 | D:3      | Killed a bullfrog
  2369 | D:3      | Reached skill level 1 in Fighting
  2369 | D:3      | Reached skill level 5 in Necromancy
  2369 | D:3      | Reached XP level 5. HP: 27/37 MP: 2/10
  2835 | D:3      | Learned a level 4 spell: Animate Dead
  3097 | D:3      | Noticed Natasha
  3107 | D:3      | Killed Natasha
  3687 | D:3      | Noticed Natasha
  3702 | D:3      | Killed Natasha
  3883 | D:4      | Found Pifam's Food Boutique.
  3935 | D:4      | Reached XP level 6. HP: 26/43 MP: 2/11
  4279 | D:4      | Reached skill level 1 in Armour
  4398 | D:4      | Noticed Grinder
  4418 | D:4      | Slain by Grinder

Skill      XL: |  1  2  3  4  5  6 |
---------------+-------------------+-----
Spellcasting   | 3 4 |  4.0
Fighting       | 1 |  1.6
Necromancy     | 5 |  5.4
Armour         | 1 |  1.0
Maces & Flails | |  0.5
Dodging        | |  1.9
Stealth        | |  1.8

Action                   |  1- 3 |  4- 6 || total
-------------------------+-------+-------++-------
Melee: Unarmed           |     7 |       ||     7
       Whip              |    53 |   113 ||   166
       Staff             |       |    12 ||    12
 Cast: Pain              |    49 |    51 ||   100
       Animate Skeleton  |    19 |     9 ||    28
       Vampiric Draining |     3 |     5 ||     8
       Animate Dead      |       |    10 ||    10
  Use: Scroll            |     5 |     8 ||    13
 Stab: Sleeping          |       |     3 ||     3
       Distracted        |       |     1 ||     1
Armor: Leather armour    |    31 |    25 ||    56
Dodge: Dodged            |    48 |    74 ||   122
